 Dungeon Crawl Stone Soup version 0.25-a0-731-g0472a16d6a (webtiles) character file.

Game seed: 10878052395245887077, levelgen mode: deterministic

107 Iflex the Ducker (level 4, -1/51 HPs)
             Began as a Merfolk Gladiator on Apr 8, 2020.
             Engulfed by a cloud of flame (6 damage)
             ... on level 4 of the Dungeon.
             The game lasted 00:03:32 (1289 turns).

Iflex the Ducker (Merfolk Gladiator)                Turns: 1289, Time: 00:03:32

Health: -1/51      AC: 22    Str: 15    XL:     4   Next: 85%
Magic:  4/4        EV:  2    Int:  7    God:
Gold:   71         SH:  0    Dex: 15    Spells: 3/3 levels left

rFire    + . .     SeeInvis .   a - +0 trident
rCold    + . .     Gourm    .   (no shield)
rNeg     + + +     Faith    .   (armour currently unavailable)
rPois    +         Spirit   .   (helmet currently unavailable)
rElec    +         Reflect  .   (cloak currently unavailable)
rCorr    +         Harm     .   (gloves currently unavailable)
MR       .....     NoTele   +   (boots currently unavailable)
Stlth    +.........             (no amulet)
HPRegen  0.17/turn              (no ring)
MPRegen  0.09/turn              (no ring)

@: confused, tree-form (expiring), resistant
A: (change form in water), (swift swim), (stealthy swim)
a: no special abilities


You were on level 4 of the Dungeon.
You were not hungry.
You were a tree.
You visited 1 branch of the dungeon, and saw 4 of its levels.

You collected 71 gold pieces.

Inventory:

Hand Weapons
 a - a +0 trident (weapon)
Missiles
 d - 2 throwing nets (quivered)
Armour
 b - a +1 leather armour (melded)
 c - a +0 helmet (melded)
Scrolls
 i - 2 scrolls of identify
 j - a scroll of remove curse
Potions
 g - a potion of lignification
 h - 2 potions of degeneration
Comestibles
 f - a ration
 n - a chunk of flesh


   Skills:
 + Level 2.4 Fighting
 + Level 5.6 Polearms
 + Level 2.0 Throwing
 + Level 0.1 Armour
 + Level 5.7 Dodging
 + Level 1.6 Stealth


You had 3 spell levels left.
You didn't know any spells.
Your spell library was empty.

Dungeon Overview and Level Annotations

Branches:
Dungeon (4/15)
 Temple: D:4-7

Altars:
Uskayaw

Annotations:
D:4 Eustachio


Message History

Your Stealth skill increases to level 1!
You feel a bit more experienced.
You swing at nothing.
You are engulfed in blazing flames.
You resist.
* * * LOW HITPOINT WARNING * * *
The quasit bites you but does no damage.
The quasit claws you but does no damage. x2
The quasit bites you but does no damage.
The quasit claws you but does no damage. x2
Really quaff the potion of lignification?
You are stuck in your current form!
Unknown command.
You cannot move. (Use ctrl+direction or * direction to attack without moving.)
You swing at nothing.
You are engulfed in blazing flames.
You resist.
* * * LOW HITPOINT WARNING * * *
Eustachio's inner flame fades away.
The quasit bites you but does no damage.
The quasit claws you but does no damage.
The quasit barely misses you.
You swing at nothing.
You are engulfed in blazing flames.
You resist.
You die...

#.# ##.## #.# .....
#.# #.# #.# ...#
..####.### #.###...#
...[......# ##...@...#
####.####.###....##..#
.. #.....#..# ....
#..... #.###..5## .#..
#. .....#§####5## ...
. ._....§)♣5@.# ##
.....#)###### .....#..
. .. #.# .## #. .. ##


You could see Eustachio, an iron imp and a quasit.

Vanquished Creatures
  A bullfrog skeleton (D:4)
  An orc priest (D:4)
  An orc wizard (D:4)
  An adder (D:4)
  A dart slug (D:1)
  2 orcs (D:4)
  A giant cockroach (D:1)
  2 goblins (D:1)
  A hobgoblin (D:1)
  3 kobolds (D:1)
  2 frilled lizards (D:1)
  6 rats (D:1)
22 creatures vanquished.

Notes
Turn   | Place    | Note
-------+----------+-------------------------------------------
     0 | D:1      | Iflex the Merfolk Gladiator began the quest for the Orb.
     0 | D:1      | Reached XP level 1. HP: 16/16 MP: 1/1
    93 | D:1      | Reached XP level 2. HP: 22/22 MP: 2/2
   580 | D:1      | Reached skill level 5 in Polearms
   696 | D:2      | You fall into a shaft and drop 2 floors!
   753 | D:4      | Reached skill level 5 in Dodging
   753 | D:4      | Reached XP level 3. HP: 5/28 MP: 3/3
  1205 | D:4      | Noticed Eustachio
  1254 | D:4      | Found a hide-covered altar of Uskayaw.
  1286 | D:4      | Reached XP level 4. HP: 29/34 MP: 4/4
  1286 | D:4      | Reached skill level 1 in Stealth
  1289 | D:4      | Engulfed by a cloud of flame

Levels and vault maps discovered:
D:1:      lightli_molten_gateway, layout_basic, serial_glass, glass_columns_b,
          glass_columns_b
D:2:      layout_basic, first_ration, lemuel_another_geyser
D:3:      layout_loops_ring, chequers_temple_overflow_minitemple, led_sif_pool,
          nemelex_dance_club_becter
D:4:      layout_loops_ring, old_standard_altar, nicolae_overflow_hidden_temple,
          temple_fountains, grunt_ministairs_2, uniq_blork_the_orc,
          uniq_grinder, uniq_eustachio

Skill      XL: |  1  2  3  4 |
---------------+-------------+-----
Polearms       | 5 |  5.6
Dodging        | 5 |  5.7
Stealth        | 1 |  1.6
Fighting       | |  2.4
Throwing       | |  2.0
Armour         | |  0.1

Action                   |  1- 3 |  4- 6 || total
-------------------------+-------+-------++-------
Melee: Trident           |   111 |       ||   111
Throw: Throwing net      |     1 |       ||     1
  Use: Scroll            |     4 |       ||     4
       Potion            |     3 |       ||     3
 Stab: Held in net/web   |     3 |       ||     3
  Eat: Chunk             |     1 |       ||     1
Armor: Leather armour    |    25 |       ||    25
       Skin              |    20 |     8 ||    28
Dodge: Dodged            |    76 |     1 ||    77

Table legend:
 A = Non-vault XP
 B = Vault XP
 C = Vault XP percentage of total XP
 D = Non-vault monster count
 E = Vault monster count
 F = Vault count percentage of total count
                 A         B        C        D         E       F
            +---------+---------+-------+---------+---------+-------
      Total |     153 |       0 |   0.0 |      22 |       0 |   0.0
            +---------+---------+-------+---------+---------+-------
        D:1 |      24 |       0 |   0.0 |      16 |       0 |   0.0
        D:4 |     129 |       0 |   0.0 |       6 |       0 |   0.0
            +---------+---------+-------+---------+---------+-------
